 Dungeon Crawl Stone Soup version 0.27-a0-1502-g47ed6a6988 (webtiles) character file.

Game seed: 1557211533951492581

158 bande the Skirmisher (level 5, 0/33 HPs)
             Began as a Gargoyle Fighter on July 9, 2021.
             Slain by an orc (3 damage)
             ... on level 3 of the Dungeon.
             The game lasted 00:02:49 (2540 turns).

bande the Skirmisher (Gargoyle Fighter)             Turns: 2540, Time: 00:02:49

Health: 0/33       AC: 11    Str: 19    XL:     5   Next: 39%
Magic:  5/5        EV:  7    Int:  9    God:
Gold:   109        SH:  9    Dex: 10    Spells: 4/4 levels left

rFire    . . .     SeeInvis .   a - +0 war axe
rCold    . . .     Faith    .   c - +0 kite shield
rNeg     + . .     Spirit   .   b - +0 scale mail
rPois    ∞         Reflect  .   (no helmet)
rElec    +         Harm     .   e - scarf {+Inv}
rCorr    .         Rampage  .   (no gloves)
Will     .....                  (no boots)
Stlth    ..........             (no amulet)
HPRegen  0.11/turn              (no ring)
MPRegen  0.09/turn              (no ring)

@: no status effects
A: sickness immunity, AC +4, negative energy resistance 1, electricity
resistance, torment resistance 1, petrification resistance
a: Evoke Invisibility


You were on level 3 of the Dungeon.
You visited 1 branch of the dungeon, and saw 3 of its levels.

You collected 109 gold pieces.

Inventory:

Hand Weapons
 a - a +0 war axe (weapon)
Armour
 b - a +0 scale mail (worn)
 c - a +0 kite shield (worn)
 e - a scarf of invisibility (worn)
Scrolls
 f - 3 scrolls of identify
Potions
 d - a potion of might


   Skills:
 + Level 4.3 Fighting
 + Level 3.3 Axes
 + Level 3.8 Armour
 + Level 0.6 Dodging
 + Level 4.0 Shields


You had 4 spell levels left.
You didn't know any spells.
Your spell library contained the following spells:

 Spells                   Type           Power      Damage    Failure   Level
 Beastly Appendage        Tmut           0%         N/A       99%         1
 Wereblood                Tmut           0%         N/A       100%        2
 Spider Form              Tmut/Pois      0%         N/A       100%        3
 Fireball                 Conj/Fire      0%         3d3       100%        5
 Iskenderun's Battlesphe  Conj           0%         2d6       100%        5
 Conjure Ball Lightning   Conj/Air       0%         3x3d6     100%        6
 Orb of Destruction       Conj           0%         N/A       100%        7


Dungeon Overview and Level Annotations

Branches:
Dungeon (3/15)

Altars:
Fedhas


Innate Abilities, Weirdness & Mutations

You are immune to sickness and miasma.
Your stone body is resilient. (AC +4)
You are immune to poison.
You resist negative energy. (rN+)
You are resistant to electric shocks. (rElec)
You are resistant to unholy torment.
You are immune to petrification.


Message History

You kill the orc!
You hit the worm. You closely miss the orc. You barely miss the orc.
You closely miss the kobold. You block the orc's attack.
The kobold barely misses you. The orc hits you but does no damage.
The orc hits you with a +0 flail. You block the worm's attack.
Unknown command.
The kobold completely misses you. The orc hits you but does no damage.
You block the orc's attack.
Items here: ( ) [ †.
Unknown command.
The kobold barely misses you. The worm bites you.
You closely miss the orc. You slash the worm! You hit the kobold.
You kill the kobold!
The orc hits you but does no damage. The worm closely misses you.
You block the orc's attack. x2
Unknown command.
Your shield and scale mail prevent you from hitting the orc.
You completely miss the orc. You barely miss the worm.
You block the orc's attack. The orc hits you with a +0 flail.
The worm barely misses you.
Unknown command.
You hit the orc.
The orc is lightly wounded.
You barely miss the worm. You barely miss the orc. You block the orc's attack.
The orc hits you but does no damage. x2; The worm bites you.
You block the orc's attack.
You slash the orc!
You kill the orc!
You hit the worm. You hit the orc but do no damage.
The orc hits you with a +0 flail. The worm bites you!
* * * LOW HITPOINT WARNING * * *
Unknown command.
The orc closely misses you.
Items here: ( )) [ ††.
Unknown command.
You barely miss the worm.
The worm is severely wounded.
You closely miss the orc. The orc hits you but does no damage.
The worm bites you but does no damage. The orc hits you with a +0 flail.
You die...

#.> #.# .# #.# #.# .
#.# #.# #.# #######
#. #.# #.#
#.#####...... #. #.#
#.##............ #.
#.#+#......<#.#####
#.#.#+#....#######.#
#.....o......[....#
#..!.@..##########
#....w.†# #.......#
#.......# #.......#
#.......# #.......#
#.......#


You could see a worm and an orc.

Vanquished Creatures
  6 adders (D:2)
  4 gnolls
  4 orcs
  6 bats
  6 endoplasms
  2 giant cockroaches
  6 goblins
  4 hobgoblins
  3 jackals (D:2)
  7 kobolds
  A quokka (D:1)
  4 ball pythons (D:1)
  5 frilled lizards
  4 rats
62 creatures vanquished.

Notes
Turn   | Place    | Note
-------+----------+-------------------------------------------
     0 | D:1      | bande the Gargoyle Fighter began the quest for the Orb.
     0 | D:1      | Reached XP level 1. HP: 14/14 MP: 1/1
   136 | D:1      | Reached XP level 2. HP: 16/20 MP: 2/2
   568 | D:1      | Reached XP level 3. HP: 24/24 MP: 3/3
  1186 | D:2      | Reached XP level 4. HP: 27/29 MP: 4/4
  1921 | D:2      | Reached XP level 5. HP: 33/33 MP: 5/5
  2448 | D:2      | Found a blossoming altar of Fedhas.
  2540 | D:3      | Slain by an orc

Illustrated notes

Levels and vault maps discovered:
D:1:      psy_arrival_radial01, layout_basic, hangedman_decor_slide_cut
D:2:      layout_basic, basic_altar, minmay_misc_feat_pillars,
          minmay_pentomino_u2
D:3:      layout_basic, mainiacjoe_overflow_six_doors_small, old_standard_altar,
          uniq_ijyb

Skill      XL: |  1  2  3  4 |
---------------+-------------+-----
Axes           | 2 3 |  3.3
Fighting       | 4 |  4.3
Shields        | 4 |  4.0
Armour         | |  3.8
Dodging        | |  0.6

Action                   |  1- 3 |  4- 6 || total
-------------------------+-------+-------++-------
Melee: War axe           |    86 |   122 ||   208
  Use: Scroll            |       |     2 ||     2
Armor: Scale mail        |    62 |    86 ||   148
Dodge: Dodged            |    37 |    47 ||    84
Block: Kite shield       |    51 |    66 ||   117

Table legend: (Time is in decaauts)
 A = Elapsed time spent in this place.
 B = Non-inter-level travel time spent in this place.
 C = Inter-level travel time spent in this place.
 D = Time resting spent in this place.
 E = Time spent auto-exploring this place.
 F = Levels seen in this place.
 G = Mean time per level.
                   A        B        C        D        E       F      G
               +--------+--------+--------+--------+--------+-----+--------+
         Total |   2663 |   2627 |     36 |    176 |   1926 |   3 |  887.7 |
       Dungeon |   2663 |   2627 |     36 |    176 |   1926 |   3 |  887.7 |
               +--------+--------+--------+--------+--------+-----+--------+

Top non-repeatable levels by time:
     D:2: 1412 daAuts
     D:1: 1214 daAuts
     D:3: 35 daAuts
